 Dungeon Crawl Stone Soup version 0.30-a0-4-ga7cffc901d (webtiles) character file.

Game seed: 10132051013416362456

90 Setbun the Cutter (level 4, 0/26 HPs)
             Began as a Kobold Brigand on Aug 20, 2022.
             Slain by an orc
             ... wielding a +0 war axe
              (7 damage)
             ... on level 3 of the Dungeon.
             The game lasted 00:01:52 (1985 turns).

Setbun the Cutter (Kobold Brigand)                  Turns: 1985, Time: 00:01:53

Health: 0/26       AC:  3    Str:  8    XL:     4   Next: 85%
Magic:  4/4        EV: 14    Int: 12    God:
Gold:   104        SH:  0    Dex: 18    Spells: 3/3 levels left

rFire   . . .      SeeInvis .    l - +1 short sword (drain)
rCold   . . .      Faith    .    (no shield)
rNeg    . . .      Spirit   .    b - +0 robe
rPois   .          Reflect  .    (no helmet)
rElec   .          Harm     .    c - +0 cloak
rCorr   .          Rampage  .    (no gloves)
Will    .....                    (no boots)
Stlth   ++++......               (no amulet)
HPRegen 0.08/turn                (no ring)
MPRegen 0.09/turn                (no ring)

@: no status effects
A: small, no large weapons, nightstalker 3
a: no special abilities


You were on level 3 of the Dungeon.
You visited 1 branch of the dungeon, and saw 3 of its levels.

You collected 104 gold pieces.

Inventory:

Hand Weapons
 a - a +2 dagger
 k - a +4 short sword
 l - a +1 short sword of draining (weapon)
Missiles
 d - 17 poisoned darts (quivered)
 e - 3 curare-tipped darts
Armour
 b - a +0 robe (worn)
 c - a +0 cloak (worn)
Scrolls
 g - a scroll of blinking {unknown}
 h - a scroll of teleportation {unknown}
 j - a scroll of poison {unknown}
 n - a scroll of identify {unknown}
 o - a scroll of vulnerability {unknown}
Potions
 f - a potion of curing
 i - a potion of heal wounds {unknown}
 m - a potion of attraction {unknown}
 p - a potion of haste {unknown}
 q - a potion of experience {unknown}


   Skills:
 - Level 2.1 Fighting
 * Level 6.2 Short Blades
 - Level 2.1 Throwing
 - Level 1.2 Dodging
 - Level 5.3 Stealth


You had 3 spell levels left.
You didn't know any spells.
Your spell library was empty.

Dungeon Overview and Level Annotations

Branches:
Dungeon (3/15)

Altars:


Innate Abilities, Weirdness & Mutations

You are small and have problems with some larger weapons.
You are completely attuned to the shadows.


Message History

No target in view!
No target in view!
You see here a hobgoblin corpse.
Found a ring mail.
Found a stone staircase leading up.
No target in view!
No target in view!
No target in view!
An orc comes into view. It is wielding a +0 hand axe.
An orc comes into view. It is wielding a +0 trident.
There are monsters nearby! 3 orcs come into view.
Found a stone staircase leading down.
The orc shouts! x4; You hear an angry hiss.
The orc shouts!
You completely miss the orc. The orc hits you with a +0 hand axe.
The orc barely misses you.
You hit the orc. You drain the orc.
The orc is heavily wounded.
An adder comes into view.
The orc hits you with a +0 hand axe.
The orc hits you from afar with a +0 trident.
You hit the orc.
You kill the orc!
The orc attacks as you move away! The orc misses you.
The orc attacks as you move away! The orc hits you with a +0 war axe.
The orc attacks as you move away! The orc hits you with a +0 war axe.
* * * LOW HITPOINT WARNING * * *
It was a potion of curing.
You feel better. The orc hits you with a +0 war axe.
The orc attacks as you move away! The orc completely misses you.
The orc attacks as you move away! The orc misses you.
The adder attacks as you move away! The adder closely misses you.
The orc barely misses you.
Found a scroll labelled VADGHAO LOTZ.
The orc hits you from afar with a +0 trident.
The orc barely misses you. The orc completely misses you.
The orc attacks as you move away! The orc hits you with a +0 war axe.
* * * LOW HITPOINT WARNING * * *
The orc attacks as you move away! The orc hits you with a +0 war axe!
You die...

#...... #.)....
#...... ####.o....
#.o.o....... ###
#.##<##.##.# ..#
#.##........
#.########.##.##..?..
#.............##@#
#..####.##..o.So.#
...####.#####..o....
##.#.......##o######
##.#.##.#o....#
............#.#
#######.......#
#........# #.#......#


You could see an adder and 4 orcs.

Vanquished Creatures
  4 adders (D:2)
  A dart slug (D:2)
  An orc (D:3)
  3 bats (D:2)
  5 endoplasms
  3 giant cockroaches
  2 goblins
  6 hobgoblins
  4 jackals (D:2)
  2 quokkas
  4 ball pythons
  6 kobolds
  8 rats
49 creatures vanquished.

Notes
Turn   | Place    | Note
-------+----------+-------------------------------------------
     0 | D:1      | Setbun the Kobold Brigand began the quest for the Orb.
     0 | D:1      | Reached XP level 1. HP: 12/12 MP: 1/1
    54 | D:1      | Reached skill level 3 in Short Blades
   118 | D:1      | Reached XP level 2. HP: 17/17 MP: 2/2
   335 | D:1      | Reached skill level 4 in Short Blades
   356 | D:1      | Found a faded altar of an unknown god.
   770 | D:1      | Reached XP level 3. HP: 20/20 MP: 3/3
   996 | D:2      | Reached skill level 5 in Short Blades
  1126 | D:2      | Reached XP level 4. HP: 26/26 MP: 4/4
  1659 | D:2      | Reached skill level 6 in Short Blades
  1985 | D:3      | Slain by an orc

Illustrated notes

Levels and vault maps discovered:
D:1:      scummos_arrival_simple_crosswalls, layout_loops_ring,
          chequers_ecumenical_altar_lobes
D:2:      layout_basic, kennysheep_generic_room_12
D:3:      layout_loops_cross, grunt_dithmenos_smoke, uniq_natasha

Skill      XL: |  1  2  3  4 |
---------------+-------------+-----
Short Blades   | 3 4 5 6 |  6.2
Fighting       | |  2.1
Throwing       | |  2.1
Dodging        | |  1.2
Stealth        | |  5.3

Action                   |  1- 3 |  4- 6 || total
-------------------------+-------+-------++-------
Melee: Dagger            |    12 |       ||    12
       Short sword       |    28 |    34 ||    62
  Use: Potion            |       |     1 ||     1
 Stab: Sleeping          |    18 |    12 ||    30
       Distracted        |     1 |       ||     1
Armor: Robe              |     1 |     5 ||     6
Dodge: Dodged            |    14 |    19 ||    33

Table legend: (Time is in decaauts)
 A = Elapsed time spent in this place.
 B = Non-inter-level travel time spent in this place.
 C = Inter-level travel time spent in this place.
 D = Time resting spent in this place.
 E = Time spent auto-exploring this place.
 F = Levels seen in this place.
 G = Mean time per level.
                   A        B        C        D        E       F      G
               +--------+--------+--------+--------+--------+-----+--------+
         Total |   1971 |   1946 |     25 |      0 |   1686 |   3 |  657.0 |
       Dungeon |   1971 |   1946 |     25 |      0 |   1686 |   3 |  657.0 |
               +--------+--------+--------+--------+--------+-----+--------+

Top non-repeatable levels by time:
     D:2: 1019 daAuts
     D:1: 857 daAuts
     D:3: 94 daAuts
